 Dungeon Crawl Stone Soup version 0.22-a0-858-g985ef60 (webtiles) character file.

2608 Supahsalami the Basher (level 9, -5/57 HPs)
             Began as a Gargoyle Fighter on July 27, 2018.
             Was an Initiate of Okawaru.
             Slain by an orc warrior
             ... wielding a +0 mace
              (11 damage)
             ... on level 7 of the Dungeon.
             The game lasted 00:20:22 (6799 turns).

Supahsalami the Basher (Gargoyle Fighter)           Turns: 6799, Time: 00:20:23

Health: -5/57      AC: 20    Str: 22    XL:     9   Next: 59%
Magic:  3/3        EV: 11    Int: 11    God:    Okawaru [......]
Gold:   397        SH:  0    Dex: 12    Spells: 8/8 levels left

rFire    . . .     SeeInvis .   D - +10 quarterstaff of the Scavenger {antimagic, -Tele +Rage rPois Str-2}
rCold    . . .     Gourm    .   (shield currently unavailable)
rNeg     + . .     Faith    .   I - +3 leather armour of Free Will {MR++ Int+3}
rPois    ∞         Spirit   .   (no helmet)
rElec    +         Reflect  .   (no cloak)
rCorr    .         Harm     .   H - +2 pair of gloves
MR       ++...     NoTele   +   (no boots)
Stlth    +.........             w - amulet of rage
HPRegen  0.19/turn              y - +4 ring of protection
MPRegen  0.08/turn              n - +3 ring of dexterity

@: berserk cooldown, slowed, invisible, very slow
A: negative energy resistance 1, electricity resistance, unbreathing,
petrification resistance, rot immunity, AC +6
a: Renounce Religion, Evoke Berserk Rage


You were on level 7 of the Dungeon.
You worshipped Okawaru.
Okawaru was noncommittal.
You were hungry.

You visited 2 branches of the dungeon, and saw 8 of its levels.

You collected 397 gold pieces.

Inventory:

Hand Weapons
 p - a +1 spear of piercing
 u - a +0 spear of flaming
 A - a +0 morningstar
 D - the +10 quarterstaff of the Scavenger (weapon) {antimagic, -Tele +Rage rPois Str-2}
   (You found it on level 4 of the Dungeon)

   It reduces the magical energy of the wielder, and disrupts the spells and
   magical abilities of those hit.
   Natural abilities and divine invocations are not affected.
   It affects your strength (-2).
   It protects you from poison.
   It lets you go berserk.
   It prevents most forms of teleportation.
Missiles
 t - 3 throwing nets (quivered)
Armour
 h - a +0 large shield
 H - a +2 pair of gloves (worn)
 I - the +3 leather armour of Free Will (worn) {MR++ Int+3}
   (You found it on level 5 of the Dungeon)

   It affects your intelligence (+3).
   It affects your resistance to hostile enchantments.
Jewellery
 n - a +3 ring of dexterity (right hand)
 w - an amulet of rage (around neck)
 y - a +4 ring of protection (left hand)
 z - an uncursed ring of flight
Wands
 b - a wand of digging (2)
 F - a wand of random effects (62)
Scrolls
 a - a scroll of magic mapping {unknown}
 c - 2 scrolls of enchant weapon
 g - 2 scrolls of immolation
 E - 3 scrolls of remove curse
Potions
 d - a potion of might
 e - a potion of berserk rage {unknown}
 i - a potion of lignification {unknown}
 j - a potion of agility {unknown}
 l - 2 potions of degeneration
 m - a potion of invisibility
 o - a potion of brilliance {unknown}
 q - 3 potions of curing
 r - 2 potions of mutation
 s - a potion of cancellation {unknown}
 v - 3 potions of heal wounds
 x - a potion of ambrosia {unknown}
 G - 2 potions of flight {unknown}
Comestibles
 f - 9 rations
 k - a chunk of flesh


   Skills:
 + Level 7.0 Fighting
 * Level 8.4 Maces & Flails
 + Level 7.0 Armour
 + Level 7.0 Shields


You had 8 spell levels left.
You didn't know any spells.
Your spell library was empty.

Dungeon Overview and Level Annotations

Branches:
Dungeon (7/15)             Temple (1/1) D:7

Altars:
Ashenzari
Cheibriados
Dithmenos
Elyvilon
Fedhas
Gozag
Hepliaklqana
Kikubaaqudgha
Makhleb
Nemelex Xobeh
Okawaru
Qazlal
Ru
Trog
Vehumet
Wu Jian
Yredelemnul
Zin

Shops:
D:6 :

Annotations:
D:4 3 runed doors, exclusion: 3 doors, Hebeh's ghost, amateur DECj


Innate Abilities, Weirdness & Mutations

You are resistant to torment.
Your stone body is resilient. (AC +6)
You are immune to poison.
You resist negative energy. (rN+)
You are resistant to electric shocks. (rElec)
You can survive without breathing.
You are immune to petrification.
You are immune to rotting.


Message History

You are exhausted.
You feel yourself slow down.
You see here 17 gold pieces.
The orc warrior hits you with a mace!
You barely miss the orc warrior. The orc warrior hits you with a mace!
* * * LOW HITPOINT WARNING * * *
The orc warrior closely misses you.
The orc warrior hits you but does no damage.
The crimson imp disappears for a moment.
The orc warrior barely misses you.
The orc warrior hits you but does no damage.
The crimson imp blinks!
The crimson imp blinks!
The orc warrior hits you with a mace.
* * * LOW HITPOINT WARNING * * *
Eat a chunk of flesh? (ye/n/q)
Okay, then.
You fade into invisibility!
The orc warrior hits you with a mace!
You die...

######## #.# #.§..o.# #.# ###
#########.####o# #.# #..
..........####o# #.# #.#
##..#........@###.##########.#
#..#.##...##................# .#
#.......§..#.##..##..########
...##..####..(##...÷.....#
#......o$...)#####.###.#########
...#...####...# #.# #..........
........###...#####.#
###########
.#...............##.# #....
#.#......5)......##.# #.###


You could see an orc warrior and 2 orcs.

Vanquished Creatures
  Harold (D:7)
  Sigmund (D:6)
  2 sky beasts (D:6)
  2 ogres (D:6)
  3 bullfrogs
  2 scorpions
  2 crimson imps
  A bullfrog zombie (D:5)
  4 hounds
  A jelly (D:5)
  3 orc priests
  A bullfrog skeleton (D:5)
  A centaur skeleton (D:6)
  An iguana (D:5)
  Natasha (thrice) (D:2)
  12 orc wizards
  A worker ant (D:6)
  A hound skeleton (D:6)
  A worker ant zombie (D:6)
  8 gnolls (D:2)
  6 adders
  2 shadow imps
  3 worms
  4 dart slugs
  6 leopard geckos
  8 orcs
  3 ball pythons
  7 giant cockroaches
  6 goblins
  A hobgoblin (D:3)
  11 jackals
  9 kobolds
  6 quokkas
  8 bats
  4 frilled lizards
  A leopard gecko zombie (D:5)
  A quokka skeleton (D:5)
  8 rats
145 creatures vanquished.

Notes
Turn   | Place    | Note
-------+----------+-------------------------------------------
     0 | D:1      | Supahsalami the Gargoyle Fighter began the quest for the Orb.
     0 | D:1      | Reached XP level 1. HP: 14/14 MP: 1/1
   154 | D:1      | Reached XP level 2. HP: 19/19 MP: 2/2
   925 | D:2      | Reached XP level 3. HP: 22/23 MP: 3/3
  1156 | D:2      | Reached skill level 3 in Maces & Flails
  1343 | D:2      | Reached XP level 4. HP: 29/29 MP: 4/4
  1571 | D:2      | Reached XP level 5. HP: 33/33 MP: 5/5
  1934 | D:2      | You fall through a shaft!
  2250 | D:3      | Reached skill level 4 in Maces & Flails
  2525 | D:2      | Noticed Natasha
  2529 | D:2      | Killed Natasha
  2529 | D:2      | Reached XP level 6. HP: 38/38 MP: 6/6
  2637 | D:2      | Noticed Natasha
  2645 | D:2      | Killed Natasha
  2966 | D:2      | Noticed Natasha
  2982 | D:2      | Killed Natasha
  3959 | D:4      | Found a runed gate.
  3960 | D:4      | Found a runed gate.
  3961 | D:4      | Found a runed gate.
  4063 | D:4      | Noticed Hebeh's ghost (amateur DECj)
  4063 | D:4      | Noticed an ice beast
  4228 | D:4      | Got a bloodstained quarterstaff
  4331 | D:4      | Identified the +10 quarterstaff of the Scavenger {antimagic, -Tele +Rage rPois Str-2} (You found it on level 4 of the Dungeon)
  4720 | D:5      | Entered Level 5 of the Dungeon
  4903 | D:5      | Reached XP level 7. HP: 43/44 MP: 2/7
  5064 | D:5      | Reached skill level 5 in Maces & Flails
  5074 | D:5      | Reached skill level 5 in Armour
  5077 | D:5      | Reached skill level 5 in Shields
  5226 | D:5      | Reached skill level 5 in Fighting
  5298 | D:5      | Got a diamond-encrusted leather armour
  5309 | D:5      | Identified the +3 leather armour of Free Will {MR++ Int+3} (You found it on level 5 of the Dungeon)
  5484 | D:6      | Found Sipuunyr's Book Shoppe.
  5631 | D:6      | Reached XP level 8. HP: 49/49 MP: 2/8
  5641 | D:6      | Reached skill level 6 in Maces & Flails
  5922 | D:6      | Found a hazy altar of Hepliaklqana.
  5986 | D:6      | Noticed Sigmund
  5994 | D:6      | Killed Sigmund
  6070 | D:6      | Found a white marble altar of Elyvilon.
  6140 | D:6      | Reached skill level 7 in Maces & Flails
  6161 | D:6      | Reached XP level 9. HP: 38/55 MP: 3/9
  6355 | D:7      | Found a staircase to the Ecumenical Temple.
  6362 | Temple   | Entered the Ecumenical Temple
  6539 | Temple   | Became a worshipper of Warmaster Okawaru
  6763 | D:7      | Noticed Harold
  6773 | D:7      | Killed Harold
  6773 | D:7      | Reached skill level 8 in Maces & Flails
  6799 | D:7      | Slain by an orc warrior

Vault maps used:
D:1:      lemuel_arrival_tunnels, serial_park_tiny_1, serial_bayou_pond_e,
          minmay_hedge_maze
D:2:      first_ration, uniq_natasha
D:4:      cheibrodos_pilgrimage, gammafunk_ghost_icy
D:6:      minmay_flawed_box, nicolae_overflow_crystal_walls,
          kennysheep_mini_moat, serial_shops, shop, corner_web_ring,
          uniq_sigmund
D:7:      minmay_temple_entry_hall, uniq_harold
Temple:   regret_index_temple_sphere_string

Skill      XL: |  1  2  3  4  5  6  7  8  9 |
---------------+----------------------------+-----
Maces & Flails | 3 4 5 7 8 |  8.4
Armour         | 4 5 6 7 |  7.0
Shields        | 4 5 6 7 |  7.0
Fighting       | 4 5 6 7 |  7.0

Action                   |  1- 3 |  4- 6 |  7- 9 || total
-------------------------+-------+-------+-------++-------
Melee: Flail             |   209 |   316 |       ||   525
       Quarterstaff      |       |     9 |   137 ||   146
 Abil: Evoke Berserk Rag |       |       |     1 ||     1
  Use: Scroll            |       |     6 |     8 ||    14
       Potion            |       |     1 |     1 ||     2
  Eat: Chunk             |     2 |    10 |     5 ||    17
       Ration            |       |     1 |       ||     1
Armor: Scale mail        |    46 |       |       ||    46
       Plate armour      |   155 |   210 |    15 ||   380
       Leather armour    |       |       |    75 ||    75
Dodge: Dodged            |    44 |    18 |    80 ||   142
Block: Shield            |    50 |       |       ||    50
       Large shield      |   194 |   301 |       ||   495

Table legend:
 A = Spawn XP
 B = Non-spawn XP
 C = Spawn XP percentage of total XP
 D = Spawn monster count
 E = Non-spawn monster count
 F = Spawn count percentage of total count
 G = Total turns spent on level
                    A         B        C        D         E        F      G
               +---------+---------+-------+---------+---------+-------+---------
         Total |       0 |    3727 |   0.0 |       0 |     145 |   0.0 |  6799
               +---------+---------+-------+---------+---------+-------+---------
           D:1 |       0 |      33 |   0.0 |       0 |      18 |   0.0 |   987
           D:2 |       0 |     363 |   0.0 |       0 |      44 |   0.0 |  1637
           D:3 |       0 |      58 |   0.0 |       0 |      20 |   0.0 |   885
           D:4 |       0 |     132 |   0.0 |       0 |      12 |   0.0 |  1262
           D:5 |       0 |     351 |   0.0 |       0 |      15 |   0.0 |   666
           D:6 |       0 |    1495 |   0.0 |       0 |      27 |   0.0 |   842
           D:7 |       0 |    1295 |   0.0 |       0 |       9 |   0.0 |   317
               +---------+---------+-------+---------+---------+-------+---------
